Map: [ESL] Data-C

Players

BattleB

  • Race: Terran Terran
  • Spawn Location: 9:00

SKillous - Winner!

  • Race: Protoss Protoss
  • Spawn Location: 3:00

Event: DreamHack SC2 Masters 2022 Atlanta (Online)

VOD

Have the link to the VOD?

Description

Time

  • Played on: Oct. 1, 2022, 12:45 p.m.
  • Length: 11:30

All games in this series

Show
View Real Time Build Order
Export as new Build Order

BattleB Terran 

Build Orders: 1/1/1 

Get SALT Encoding   

  12  0:00  SCV  
  13  0:12  SCV  
  14  0:17  Supply Depot  
  14  0:24  SCV  
  15  0:38  SCV  
  15  0:41  Barracks  
  16  0:43  Refinery  
  16  0:50  SCV  
  16  0:53  Refinery  
  17  1:02  SCV  
  18  1:15  SCV  
  19  1:27  Orbital Command  
  19  1:30  Reaper  
  20  1:34  Supply Depot  
  20  1:41  Factory  
  20  1:53  SCV  
  21  2:02  Barracks Reactor  
  21  2:05  SCV  
  22  2:17  Command Center  
  22  2:22  SCV  
  23  2:29  Starport  
  23  2:34  SCV  
  23  2:36  Widow Mine  
  26  2:43  Marine x2  
  28  2:47  SCV  
  28  2:50  Supply Depot  
  29  2:59  SCV  
  29  3:04  Marine  
  31  3:07  Marine  
  31  3:12  Medivac, Widow Mine  
  35  3:14  SCV  
  36  3:21  Marine  
  36  3:25  Marine  
  36  3:26  SCV  
  39  3:31  Orbital Command  
  39  3:34  Factory Tech Lab  
  39  3:39  Marine  
  39  3:40  SCV  
  41  3:43  Marine  
  42  3:52  SCV  
  43  3:57  Barracks  
  43  3:58  Marine  
  43  4:00  Marine  
  43  4:01  SCV, Factory Tech Lab  
  46  4:05  SCV  
  46  4:06  Supply Depot  
  47  4:10  Raven  
  47  4:14  SCV  
  50  4:18  SCV  
  50  4:21  Siege Tank  
  54  4:25  Supply Depot  
  54  4:28  Marine x2  
  54  4:31  SCV x2  
  48  4:43  SCV  
  48  4:44  SCV  
  48  4:45  Barracks  
  50  4:48  Engineering Bay, Refinery, Marine  
  51  4:55  SCV  
  51  4:56  SCV, Siege Tank  
  56  5:01  Stimpack, Marine  
  56  5:06  Supply Depot  
  57  5:07  SCV  
  57  5:09  SCV  
  57  5:10  Marine x2  
  61  5:15  Bunker, Starport Reactor  
  61  5:17  Terran Infantry Weapons Level 1  
  61  5:19  SCV  
  61  5:21  SCV  
  63  5:24  Marauder  
  64  5:31  SCV  
  64  5:33  SCV  
  65  5:36  Factory Reactor  
  65  5:37  Refinery  
  65  5:41  Marine x2  
  67  5:43  SCV  
  67  5:44  Supply Depot  
  67  5:46  Marauder, Combat Shield  
  67  5:48  Marauder  
  70  5:55  Medivac  
  72  6:00  Marine x2  
  72  6:03  Medivac  
  76  6:07  Supply Depot  
  76  6:09  Marauder  
  78  6:12  Marauder  
  78  6:14  Widow Mine x2  
  84  6:19  Marine x2  
  86  6:26  Command Center  
  86  6:29  Medivac  
  88  6:36  Marauder x2  
  88  6:39  Supply Depot, Widow Mine  
  94  6:40  Supply Depot  
  94  6:55  Barracks  
  94  6:56  Barracks, Marine x2  
  94  7:00  SCV x2, Widow Mine, Marauder  
  100  7:05  Marauder  
  102  7:09  Medivac x2  
  102  7:10  Widow Mine  
  102  7:12  SCV x2  
  102  7:15  Terran Infantry Armor Level 1  
  110  7:24  SCV x2, Marine x2  
  110  7:25  Supply Depot  
  114  7:31  Marauder x2  
  118  7:38  SCV x2  
  118  7:39  Ghost Academy  
  120  7:44  Barracks Reactor, Barracks Tech Lab  
  120  7:49  Marine x2  
  120  7:50  SCV  
  123  7:54  SCV  
  124  7:59  Medivac  
  124  8:00  Widow Mine x2  
  124  8:01  Orbital Command  
  124  8:02  SCV  
  131  8:06  SCV  
  131  8:07  Marauder  
  131  8:09  Marauder  
  131  8:10  Marine  
  134  8:14  SCV  
  134  8:15  Marine  
  134  8:18  SCV  
  137  8:20  Marauder  
  137  8:24  Enhanced Shockwaves  
  137  8:26  SCV  
  140  8:30  SCV  
  140  8:33  Supply Depot, Ghost  
  141  8:37  Marine x2  
  141  8:41  Marine  
  136  8:45  Marine x2, Ghost  
  126  8:52  Medivac x2, Widow Mine x2  
  126  8:54  Marine  
  125  8:55  SCV x2  
  125  8:58  Marine  
  125  9:00  Marine  
  126  9:05  Marine  
  126  9:06  Ghost x2  
  131  9:12  SCV x2  
  131  9:15  SCV  
  134  9:18  Marine  
  134  9:19  Marauder  
  134  9:20  Marine x2  
  134  9:21  Widow Mine x2  
  143  9:25  Armory  
  143  9:27  Engineering Bay  
  143  9:28  Marine  
  140  9:31  Orbital Command  
  140  9:34  Marine  
  140  9:35  Marauder  
  140  9:36  Marine  
  140  9:38  SCV x2  
  136  9:40  Marauder  
  136  9:42  Marine x2  
  125  9:47  Medivac, Widow Mine  
  125  9:48  Widow Mine  
  129  9:53  Marauder, Marine  
  129  9:56  Marauder  
  129  9:57  Marine  
  134  10:04  Barracks  
  127  10:07  Marine  
  127  10:08  Barracks  
  127  10:10  Marine  
  127  10:11  Barracks  
  127  10:14  Marine  
  121  10:15  Marauder, Marine x2  
  121  10:16  SCV x2  
  122  10:23  Marine  
  122  10:27  Marine  
  121  10:32  Marine  
  121  10:33  Marauder  
  121  10:36  Marine  
  121  10:37  Orbital Command  
  121  10:39  SCV x2  
  121  10:40  Marine  
  121  10:41  Widow Mine x2  
  127  10:43  Medivac x2  
  131  10:55  Marine x2  
  131  10:56  Marine x2  
  135  11:05  SCV x3  
  135  11:06  Marine  
  135  11:08  Marine  
  140  11:17  SCV  
Show
View Real Time Build Order
Export as new Build Order

SKillous Protoss - Winner!

Build Orders: 1 Gate Expand, Blink Stalkers, Zealot Archon 

Get SALT Encoding   

  12  0:00  Probe  
  13  0:12  Probe  
  14  0:17  Pylon  
  14  0:24  Probe  
  15  0:35  Gateway  
  15  0:38  Probe (Chrono Boost)  
  16  0:47  Probe (Chrono Boost)  
  16  0:49  Assimilator  
  17  0:52  Probe  
  18  1:04  Probe  
  19  1:17  Probe  
  20  1:22  Cybernetics Core  
  20  1:34  Nexus  
  20  1:41  Pylon  
  20  1:43  Probe  
  21  1:51  Assimilator  
  21  1:56  Adept (Chrono Boost), Probe  
  21  2:00  Warp Gate  
  24  2:08  Probe  
  25  2:19  Adept  
  25  2:20  Probe  
  28  2:31  Twilight Council  
  28  2:32  Probe  
  29  2:41  Gateway  
  29  2:46  Probe (Chrono Boost)  
  29  2:48  Probe (Chrono Boost)  
  31  2:53  Stalker  
  31  2:57  Probe (Chrono Boost)  
  35  2:59  Probe (Chrono Boost)  
  35  3:00  Blink (Chrono Boost)  
  35  3:02  Probe  
  36  3:08  Probe  
  37  3:14  Probe  
  38  3:20  Probe  
  38  3:26  Probe  
  40  3:27  Robotics Facility  
  40  3:32  Probe  
  41  3:38  Probe  
  41  3:39  Pylon  
  42  3:44  Probe  
  43  3:50  Probe  
  43  3:52  Stalker  
  46  3:57  Probe  
  46  3:59  Stalker  
  49  4:02  Probe  
  49  4:09  Nexus, Probe  
  51  4:10  Pylon  
  51  4:15  Observer, Probe  
  53  4:19  Assimilator  
  53  4:21  Probe  
  54  4:27  Probe  
  54  4:30  Stalker x2  
  56  4:33  Probe  
  57  4:39  Probe  
  57  4:42  Assimilator  
  57  4:45  Probe  
  59  4:51  Probe, Pylon  
  61  4:55  Templar Archives  
  60  5:01  Probe, Assimilator  
  60  5:02  Assimilator  
  60  5:04  Observer  
  62  5:10  Pylon  
  62  5:13  Charge, Probe (Chrono Boost)  
  64  5:15  Probe (Chrono Boost)  
  64  5:22  Probe (Chrono Boost)  
  64  5:24  Observer, Gateway  
  64  5:25  Probe x2 (Chrono Boost), Gateway  
  64  5:26  Psionic Storm  
  64  5:27  Probe (Chrono Boost)  
  67  5:34  Probe x2  
  70  5:39  Probe  
  71  5:46  Gateway  
  71  5:47  Probe x2  
  71  5:49  Gateway  
  73  5:50  High Templar  
  73  5:56  High Templar  
  73  5:57  Probe  
  76  5:59  Probe  
  76  6:00  Probe  
  76  6:03  Pylon  
  76  6:09  Probe  
  76  6:11  Probe  
  75  6:13  Pylon  
  74  6:19  High Templar  
  74  6:21  High Templar  
  74  6:22  Probe, Pylon  
  74  6:23  Probe  
  74  6:24  Probe  
  81  6:29  Shield Battery  
  81  6:34  Probe  
  81  6:35  Shield Battery  
  81  6:36  High Templar  
  81  6:38  High Templar  
  81  6:39  Probe  
  87  6:42  Probe  
  87  6:45  Shield Battery  
  87  6:46  Probe  
  89  6:51  Probe  
  89  6:52  High Templar  
  89  6:53  Sentry  
  94  6:55  Pylon  
  94  6:59  Zealot x2  
  98  7:02  Gateway  
  98  7:04  Gateway  
  96  7:10  Probe  
  96  7:11  Pylon  
  96  7:13  Pylon  
  96  7:14  High Templar  
  96  7:15  High Templar  
  102  7:16  Warp Prism (Chrono Boost)  
  102  7:19  Archon  
  103  7:23  Pylon  
  103  7:26  Shield Battery, Pylon  
  103  7:29  Zealot x2  
  107  7:34  Zealot x2  
  111  7:45  Probe  
  111  7:51  Forge  
  116  7:52  Immortal (Chrono Boost), Forge  
  116  7:58  Probe  
  117  8:04  Probe  
  118  8:09  Nexus  
  118  8:16  Stalker x6  
  118  8:19  Warp Prism (Chrono Boost)  
  130  8:24  Protoss Ground Weapons Level 1 (Chrono Boost)  
  130  8:26  Protoss Ground Armor Level 1 (Chrono Boost)  
  132  8:35  Zealot x2  
  130  8:44  Zealot x5  
  133  8:52  Stalker  
  133  8:53  Probe  
  126  8:57  Probe x2  
  126  9:00  Shield Battery  
  128  9:05  Probe  
  128  9:08  High Templar x4  
  128  9:09  Probe, High Templar x2  
  142  9:12  Archon x2  
  142  9:13  Zealot, Archon  
  142  9:15  Probe  
  141  9:29  Probe  
  123  9:40  Zealot x4  
  123  9:45  Archon  
  119  9:48  Immortal  
  113  9:54  Zealot x4  
  113  9:56  Probe x3  
  113  9:57  Probe  
  123  10:01  Shield Battery  
  123  10:06  Zealot x2  
  123  10:07  Zealot  
  129  10:08  Probe x3  
  128  10:15  Stalker x3  
  128  10:18  High Templar  
  128  10:19  High Templar  
  128  10:20  Probe  
  131  10:24  Shield Battery  
  129  10:30  Immortal (Chrono Boost)  
  129  10:45  Observer  
  129  10:47  High Templar x2  
  129  10:48  Zealot x4  
  141  10:53  Pylon  
  141  10:56  Pylon  
  144  11:13  Zealot x6  
  155  11:22  Zealot x2  
  159  11:27  Robotics Facility  
Tags
 
Add a new tag
Caveats
  • Supply blocks, unpowered buildings, or Contaminate may cause inaccurate times.
  • Supply counts are checked every 10 seconds.